Map: Arctic Dream LE

Players

impavidus - Winner!

  • Race: Zerg Zerg
  • League: Gold
  • Spawn Location: 12:00

atilla - Winner!

  • Race: Zerg Zerg
  • League: Diamond
  • Spawn Location: 11:00

qqq

  • Race: Zerg Zerg
  • Spawn Location: 5:00

Massa

  • Race: Terran Terran
  • League: Platinum
  • Spawn Location: 6:00

VOD

Have the link to the VOD?

Description

Time

  • Played on: Nov. 12, 2020, 3:02 p.m.
  • Length: 8:42
Show
View Real Time Build Order
Export as new Build Order

impavidus Zerg - Winner!

Build Orders: Hatch First 

Get SALT Encoding   

  12  0:00  Drone  
  13  0:13  Overlord  
  13  0:20  Drone  
  14  0:31  Drone x2  
  16  0:49  Hatchery  
  15  0:52  Drone  
  15  0:55  Drone  
  17  1:09  Spawning Pool  
  16  1:12  Drone  
  16  1:15  Extractor  
  16  1:17  Drone  
  17  1:21  Drone  
  18  1:29  Drone  
  19  1:39  Overlord  
  19  1:50  Drone  
  20  1:56  Queen  
  20  2:01  Queen, Zergling x2  
  24  2:04  Zergling x2  
  26  2:12  Zergling x4  
  28  2:16  Metabolic Boost  
  28  2:23  Zergling x4  
  30  2:34  Overlord  
  30  2:39  Zergling x2  
  30  2:40  Baneling Nest  
  30  2:45  Zergling x4  
  32  3:03  Zergling x2  
  32  3:04  Zergling x2  
  34  3:06  Zergling x4  
  36  3:16  Overlord  
  36  3:21  Zergling x2  
  37  3:30  Zergling x2  
  37  3:31  Zergling x12  
  43  3:38  Baneling x6  
  43  3:41  Baneling  
  43  3:44  Zergling x4  
  40  4:06  Zergling x8  
  40  4:07  Zergling x6  
  39  4:30  Zergling x14  
  45  4:38  Zergling x2  
  45  4:42  Zergling x2  
  45  4:43  Zergling x2  
  39  4:59  Zergling x4  
  35  5:11  Zergling x2  
  35  5:12  Zergling x4  
  34  5:21  Zergling x2  
  29  5:33  Zergling x2  
  29  5:34  Zergling x14  
  37  5:46  Zergling x4  
  39  5:52  Baneling  
  39  5:53  Baneling x11  
  39  6:05  Zergling x10  
  45  6:11  Zergling x2  
  45  6:12  Zergling x2  
  45  6:16  Overlord  
  33  6:48  Zergling x18  
  41  6:58  Zergling x2  
  41  6:59  Zergling x6  
  42  7:17  Zergling x2  
  42  7:18  Zergling x10  
  46  7:41  Zergling x12  
  46  7:43  Baneling  
  46  7:44  Baneling x3  
  50  8:16  Zergling x2  
  50  8:17  Zergling x2  
  50  8:19  Overlord  
Show
View Real Time Build Order
Export as new Build Order

atilla Zerg - Winner!

Build Orders: Pool First 

Get SALT Encoding   

  12  0:00  Drone  
  13  0:13  Overlord  
  13  0:24  Drone  
  14  0:28  Extractor, Drone  
  14  0:33  Drone  
  16  0:37  Drone  
  17  0:49  Spawning Pool  
  16  0:51  Extractor, Drone  
  17  0:57  Drone  
  17  1:08  Drone  
  18  1:22  Hatchery  
  17  1:32  Drone x2  
  19  1:39  Queen  
  21  1:42  Zergling x2  
  22  1:58  Roach Warren  
  22  1:59  Drone  
  22  2:10  Overlord  
  22  2:28  Drone x2  
  24  2:33  Drone  
  25  2:43  Drone  
  26  2:50  Roach  
  26  2:51  Roach x4  
  35  3:14  Overlord x2  
  35  3:20  Extractor  
  35  3:23  Drone x2  
  36  3:39  Roach x2  
  36  3:40  Roach x3  
  46  3:48  Drone  
  47  3:57  Roach x2  
  47  4:01  Overlord  
  51  4:19  Queen  
  52  4:31  Ravager x3  
  52  4:34  Overlord x2  
  52  4:38  Drone x3  
  55  4:40  Overlord  
  55  4:41  Drone x2  
  48  5:07  Roach  
  48  5:16  Roach  
  48  5:29  Roach  
  48  5:30  Roach x7  
  54  5:53  Roach x4  
  54  5:56  Queen  
  64  6:15  Roach x7  
  78  6:25  Drone x3  
  81  6:26  Extractor  
  81  6:30  Roach  
  82  6:35  Lair  
  82  7:02  Roach  
  82  7:05  Overlord x3  
  84  7:13  Roach  
  84  7:14  Overlord  
  84  7:22  Roach  
  82  7:23  Roach x7  
  96  7:31  Roach  
  98  7:40  Roach  
  98  7:41  Roach x2  
  104  7:49  Roach  
  106  8:17  Drone x4  
  106  8:18  Drone x2  
Show
View Real Time Build Order
Export as new Build Order

qqq Zerg 

Build Orders: Hatch First 

Get SALT Encoding   

  12  0:00  Drone  
  14  0:14  Drone  
  14  0:37  Hatchery  
  14  0:42  Drone  
  14  0:59  Spawning Pool  
  13  1:11  Overlord  
  13  1:12  Drone  
  13  1:15  Extractor  
  13  1:16  Drone  
  14  1:29  Drone  
  15  1:35  Drone  
  16  1:46  Drone  
  17  1:47  Queen  
  19  1:57  Drone  
  19  2:00  Drone  
  21  2:02  Drone  
  22  2:14  Drone  
  23  2:20  Queen  
  25  2:28  Spine Crawler  
  24  2:32  Drone  
  24  2:33  Drone  
  26  2:41  Metabolic Boost  
  26  2:49  Zergling x2  
  26  2:50  Drone  
  28  2:54  Overlord  
  29  3:00  Extractor  
  28  3:06  Overlord, Baneling Nest  
  28  3:09  Overlord  
  27  3:16  Zergling x4  
  27  3:19  Zergling x2  
  30  3:22  Zergling x2  
  30  3:25  Zergling x2  
  32  3:28  Zergling x2  
  33  3:39  Zergling x6  
  36  3:41  Zergling x2  
  36  3:44  Zergling x2  
  38  3:48  Zergling x2  
  38  3:50  Zergling x2  
  38  3:54  Baneling x2  
  40  3:59  Zergling x2  
  40  4:00  Zergling x2  
  40  4:23  Zergling x4  
  38  4:24  Zergling x2  
  35  4:33  Baneling x2  
  35  4:37  Zergling x2  
  35  4:38  Zergling x10  
  39  4:44  Zergling x2  
  41  4:52  Lair  
  39  4:53  Zergling x2  
  40  5:00  Zergling x2  
  40  5:02  Zergling x4  
  43  5:12  Zergling x2  
  43  5:13  Zergling x2  
  32  5:31  Zergling x2  
  32  5:32  Zergling x4  
  32  5:33  Drone  
  36  5:36  Hatchery  
  36  5:42  Drone x2  
  37  5:43  Drone  
  38  5:57  Zergling x2  
  38  5:58  Zergling x4  
  38  6:00  Baneling x4  
  38  6:01  Drone  
  42  6:14  Spire  
  41  6:24  Zergling x6  
  41  6:25  Zergling x4  
  46  6:26  Drone  
  46  6:29  Drone  
  48  6:46  Zergling x4  
  38  6:47  Zergling x6  
  38  6:48  Drone  
  39  7:02  Extractor x2  
  39  7:03  Drone  
  39  7:04  Zergling x6  
  39  7:05  Zergling x6  
  42  7:08  Drone x2  
  41  7:20  Zergling x4  
  41  7:21  Drone x3  
  44  7:26  Mutalisk  
  44  7:28  Mutalisk  
  48  7:32  Mutalisk  
  50  7:44  Drone x2  
  50  7:45  Drone x2  
  50  7:46  Extractor  
  53  7:52  Baneling x2  
  46  8:06  Mutalisk  
  46  8:10  Mutalisk  
Show
View Real Time Build Order
Export as new Build Order

Massa Terran 

Build Orders:  

Get SALT Encoding   

  12  0:00  SCV  
  13  0:12  SCV  
  14  0:17  Supply Depot  
  14  0:25  SCV  
  15  0:38  SCV  
  15  0:40  Barracks  
  16  0:49  Refinery  
  16  0:50  SCV  
  17  1:02  SCV  
  18  1:15  SCV  
  19  1:27  SCV  
  20  1:35  Reaper  
  20  1:36  Command Center  
  20  1:39  SCV  
  22  1:51  Supply Depot  
  22  1:52  Orbital Command  
  22  2:06  Barracks  
  22  2:07  Marine  
  23  2:17  SCV  
  23  2:22  Barracks  
  24  2:28  Marine  
  25  2:46  Marine  
  25  2:50  SCV  
  27  2:51  Orbital Command  
  27  2:54  Refinery, Barracks Tech Lab  
  26  3:15  Barracks Reactor  
  26  3:16  Stimpack  
  26  3:18  Marauder  
  28  3:25  Barracks Tech Lab  
  28  3:28  SCV x2  
  30  3:39  Marauder  
  31  3:57  Supply Depot  
  31  3:58  Marauder  
  31  4:08  Marauder, Marine x2  
  33  4:19  Barracks Tech Lab  
  33  4:24  Supply Depot  
  33  4:26  Marine  
  33  4:30  Marauder  
  36  4:32  Marine  
  36  4:40  Marine  
  37  4:56  Marauder  
  32  5:08  Marine x2  
  32  5:09  SCV, Marauder  
  32  5:10  SCV  
  38  5:20  Marauder, Supply Depot  
  37  5:21  SCV  
  37  5:26  Marine x2  
  38  5:31  Marauder  
  38  5:39  Supply Depot  
  38  5:40  Supply Depot  
  38  5:47  Combat Shield  
  38  5:49  Concussive Shells  
  38  5:54  Factory  
  38  6:00  Marauder, Marine x2  
  38  6:01  Marauder  
  38  6:04  SCV x2  
  46  6:16  SCV  
  46  6:18  Marine x2  
  49  6:22  Marauder x2  
  53  6:33  Supply Depot  
  53  6:36  Marine x2  
  53  6:37  SCV x2  
  42  6:43  Marauder x2  
  42  6:49  SCV  
  35  6:55  Marine  
  35  6:56  Widow Mine  
  27  7:05  Marauder x2  
  18  7:34  Orbital Command  
  6  7:44  SCV  
  7  7:56  SCV  
  8  8:01  SCV  
  9  8:08  SCV  
  9  8:12  Supply Depot  
  9  8:13  SCV  
  9  8:17  Widow Mine x2  
  9  8:19  Barracks Tech Lab  
  10  8:21  SCV  
  10  8:26  SCV  
  12  8:27  Barracks Tech Lab  
  12  8:31  Supply Depot  
  13  8:39  Barracks  
  16  8:42  Barracks  
Tags
 
Add a new tag
Caveats
  • Supply blocks, unpowered buildings, or Contaminate may cause inaccurate times.
  • Supply counts are checked every 10 seconds.